 Dungeon Sprint DCSS version 0.19.1 (webtiles) character file.

2167 dvd the Protected (level 9, -2/91 HPs)
             Began as a Minotaur Fighter on Dec 22, 2016.
             Was a Follower of Okawaru.
             Slain by a polar bear (4 damage)
             ... in the Dungeon (Sprint II: "The Violet Keep of Menkaure").
             The game lasted 00:06:22 (846 turns).

dvd the Protected (Minotaur Fighter)                 Turns: 846, Time: 00:06:22

Health: -2/91      AC:  5    Str: 24    XL:     9   Next: 10%
Magic:  7/8        EV: 12    Int:  5    God:    Okawaru [*.....]
Gold:   245        SH: 16    Dex: 12    Spells: 0 memorised, 8 levels left

rFire  . . .     SeeInvis +     a - +0 war axe
rCold  . . .     Gourm    .     j - +1 leather armour of the Ecumenical Temple {Regen+ Str+2} (curse)
rNeg   . . .     Faith    .     c - +0 shield
rPois  .         Spirit   .     (helmet restricted)
rElec  .         Reflect  +     (no cloak)
rCorr  .         Harm     .     (no gloves)
MR     .....     NoTele   +     (no boots)
Stlth  +.........               l - +3 amulet of reflection
                                (no ring)
                                m - ring of see invisible

@: hasted, very quick
A: retaliatory headbutt, horns 2
a: Heroism, Renounce Religion


You were in the Dungeon.
You worshipped Okawaru.
Okawaru was aware of your devotion.
You were not hungry.

You visited 1 branch You collected 1053 gold pieces.
You spent 808 gold pieces at shops.

Inventory:

Hand Weapons
 a - a +0 war axe (weapon)
Armour
 b - a +0 scale mail
 c - a +0 shield (worn)
 d - the +1 ring mail "Yjesobb" {rF+}
   (You bought it in a shop in the Dungeon)

   It protects you from fire.
 j - the cursed +1 leather armour of the Ecumenical Temple (worn) {Regen+ Str+2}
   (You bought it in a shop in the Dungeon)

   It affects your strength (+2).
   It increases your rate of regeneration.
   It has a curse placed upon it.
Jewellery
 l - a +3 amulet of reflection (around neck)
 m - a ring of see invisible (left hand)
Scrolls
 k - a scroll of blinking
Potions
 i - 2 potions of magic
Comestibles
 f - a bread ration


   Skills:
 + Level 12.4 Fighting
 + Level 11.6 Axes
 + Level 12.8 Armour
 + Level 2.8 Dodging
 + Level 0.5 Stealth
 + Level 12.8 Shields


You had 8 spell levels left.
You didn't know any spells.

Dungeon Overview and Level Annotations

Branches:
Dungeon (1/1)

Altars:
Cheibriados
Dithmenos
Elyvilon
Fedhas
Gozag
Hepliaklqana
Kikubaaqudgha
Makhleb
Nemelex Xobeh
Okawaru
Qazlal
Ru
Sif Muna
Trog
Uskayaw
Vehumet
Xom
Yredelemnul
Zin
The Shining One
Beogh
Jiyva
Lugonu

Shops:
D [:(}!%:[[=??*!=?

Annotations:
D exclusion: oklob plant


Innate Abilities, Weirdness & Mutations

You reflexively headbutt those who attack you in melee.
You have a pair of horns on your head.


Message History

You feel better. You block the hornet's attack. The hornet closely misses you.
You slash the hornet!
You kill the hornet!
Okawaru accepts your kill. The polar bear bites you.
* * * LOW HITPOINT WARNING * * *
The polar bear barely misses you. The polar bear closely misses you.
Unknown command.
You feel yourself speed up.
The walls and floor vibrate strangely for a moment.
You feel yourself speed up. The polar bear bites you.
* * * LOW HITPOINT WARNING * * *
The polar bear claws you but does no damage.
The polar bear claws you.
* * * LOW HITPOINT WARNING * * *
The polar bear bites you!
* * * LOW HITPOINT WARNING * * *
The polar bear claws you.
You die...

..# ...# ...# .####..## #..#
.#▓($%?$$!)▓▓ ###.##..# +..#
.#▓??(%[(![▓▓ ##...#..# #..#
.#▓!$$)$??$▓
.'###'..####..##.#▓$)![?!!"
##...#..§.###...##▓▓▓▓▓▓▓+▓▓
###.##......≈≈≈≈≈≈≈≈≈≈≈≈≈..
.####≈≈.....≈#'########+###
..#≈§≈≈≈≈§..≈#.h@.._._#t§≈##
.##≈≈≈≈≈≈§§.≈#...._._.#t§≈≈#
##≈≈≈≈≈§≈§≈≈≈#..._._._#t§§≈≈#
≈≈≈≈≈≈§≈§§§≈≈#.._._._.#§§§≈≈≈
+++#≈§§≈§§§≈≈#._._._._#≈§§§§§
##≈§≈###≈≈#_._._._.#≈§≈≈≈§
#≈≈#._._._..#§§≈§§≈
#≈≈#.._._...#§≈≈≈▓
≈≈≈##########§≈§≈▓


You could see a polar bear and 3 crocodiles.

Vanquished Creatures
  A siren (D)
  A yaktaur (D)
  A polar bear (D)
  2 tyrant leeches (D)
  A hornet (D)
  2 hippogriffs (D)
  Menkaure (D)
  4 necrophages (D)
13 creatures vanquished.

Vanquished Creatures (others)
  A crocodile (D)
1 creature vanquished.

Grand Total: 14 creatures vanquished

Notes
Turn   | Place    | Note
-------+----------+-------------------------------------------
     0 | D        | dvd the Minotaur Fighter began the quest for the Orb.
     0 | D        | Reached XP level 1. HP: 19/19 MP: 0/0
     1 | D        | Noticed a hippogriff
     1 | D        | Noticed a hippogriff
     4 | D        | Noticed a necrophage
     4 | D        | Noticed a necrophage
     4 | D        | Noticed a necrophage
     4 | D        | Noticed a necrophage
     7 | D        | Killed a crocodile
     9 | D        | Killed a necrophage
     9 | D        | Reached XP level 2. HP: 31/31 MP: 1/1
     9 | D        | Reached XP level 3. HP: 38/38 MP: 2/2
     9 | D        | Reached XP level 4. HP: 45/45 MP: 3/3
    13 | D        | Killed a necrophage
    13 | D        | Reached XP level 5. HP: 53/53 MP: 4/4
    15 | D        | Killed a necrophage
    15 | D        | Reached skill level 5 in Axes
    20 | D        | Killed a necrophage
    20 | D        | Reached XP level 6. HP: 64/64 MP: 5/5
    70 | D        | Noticed a tyrant leech
    70 | D        | Noticed a tyrant leech
    74 | D        | Noticed a siren
    83 | D        | Killed a siren
    83 | D        | Reached skill level 10 in Fighting
    83 | D        | Reached skill level 10 in Armour
    83 | D        | Reached XP level 7. HP: 54/73 MP: 6/6
   177 | D        | Killed a tyrant leech
   185 | D        | Killed a tyrant leech
   185 | D        | Reached XP level 8. HP: 26/82 MP: 7/7
   437 | D        | Killed a hippogriff
   442 | D        | Killed a hippogriff
   442 | D        | Reached skill level 10 in Axes
   442 | D        | Reached skill level 1 in Dodging
   610 | D        | Found Gyeroly's Distillery.
   610 | D        | Found Giefut's Magic Scroll Emporium.
   610 | D        | Found Sagic Sym's Jewellery Shoppe.
   610 | D        | Found Eger's Assorted Antiques.
   610 | D        | Found Lameob's Jewellery Shoppe.
   610 | D        | Found Osijais's Antique Armour Emporium.
   610 | D        | Found Xigifiyfe's Magic Scroll Emporium.
   610 | D        | Found Buprumun's Armour Shoppe.
   611 | D        | Found Odghou's Book Emporium.
   611 | D        | Found Noryor's Food Shoppe.
   611 | D        | Found Woqy's Distillery.
   612 | D        | Found Syklefum's Magic Scroll Emporium.
   613 | D        | Found Epuoc's Gadget Shoppe.
   613 | D        | Found Eplunwat's Antique Weapon Emporium.
   613 | D        | Noticed Menkaure
   613 | D        | Noticed an oklob plant
   614 | D        | Found Alimn's Antique Armour Shoppe.
   614 | D        | Found Qieg's Book Shoppe.
   625 | D        | Killed Menkaure
   631 | D        | Noticed a polar bear
   631 | D        | Noticed a flying skull
   632 | D        | Noticed a polar bear
   632 | D        | Noticed a flying skull
   663 | D        | Noticed a flying skull
   663 | D        | Bought an agate-encrusted ring mail for 207 gold pieces
   670 | D        | Noticed a flying skull
   673 | D        | Identified the +1 ring mail "Yjesobb" {rF+} (You bought it in a shop in the Dungeon)
   678 | D        | Noticed a flying skull
   681 | D        | Bought a polished leather armour for 161 gold pieces
   691 | D        | Identified the cursed +1 leather armour of the Ecumenical Temple {Regen+ Str+2} (You bought it in a shop in the Dungeon)
   694 | D        | Bought a +3 amulet of reflection for 275 gold pieces
   694 | D        | Bought an uncursed ring of see invisible for 165 gold pieces
   694 | D        | Noticed an unseen horror
   694 | D        | Noticed an unseen horror
   729 | D        | Found a snail-covered altar of Cheibriados.
   730 | D        | Found a shadowy altar of Dithmenos.
   731 | D        | Found a white marble altar of Elyvilon.
   731 | D        | Found an ancient bone altar of Kikubaaqudgha.
   731 | D        | Found a roughly hewn altar of Beogh.
   731 | D        | Found a viscous altar of Jiyva.
   732 | D        | Found a blossoming altar of Fedhas.
   732 | D        | Found a corrupted altar of Lugonu.
   732 | D        | Found a deep blue altar of Sif Muna.
   733 | D        | Found an opulent altar of Gozag.
   733 | D        | Found a burning altar of Makhleb.
   733 | D        | Found a bloodstained altar of Trog.
   734 | D        | Found a sparkling altar of Nemelex Xobeh.
   734 | D        | Found a hide-covered altar of Uskayaw.
   735 | D        | Found a glowing silver altar of Zin.
   736 | D        | Found an iron altar of Okawaru.
   736 | D        | Found a radiant altar of Vehumet.
   736 | D        | Found a glowing golden altar of the Shining One.
   736 | D        | Found a hazy altar of Hepliaklqana.
   736 | D        | Found a sacrificial altar of Ru.
   736 | D        | Found a basalt altar of Yredelemnul.
   736 | D        | Noticed a hornet
   736 | D        | Noticed a polar bear
   737 | D        | Noticed a polar bear
   737 | D        | Found a stormy altar of Qazlal.
   737 | D        | Found a shimmering altar of Xom.
   737 | D        | Noticed a yaktaur
   745 | D        | Became a worshipper of Warmaster Okawaru
   754 | D        | Killed a yaktaur
   754 | D        | Reached * piety under Okawaru
   757 | D        | Killed a polar bear
   757 | D        | Reached XP level 9. HP: 50/90 MP: 8/8
   825 | D        | Paralysed by a hornet for 2 turns
   840 | D        | Paralysed by a hornet for 3 turns
   846 | D        | HP: 2/91 [polar bear (11)]
   846 | D        | Slain by a polar bear

Skill      XL: |  1  2  3  4  5  6  7  8 |
---------------+-------------------------+-----
Fighting       | 6 8 9 10 11 12 | 12.4
Axes           | 3 4 5 7 8 11 | 11.6
Armour         | 6 8 9 10 11 12 | 12.8
Shields        | 6 7 9 11 12 | 12.8
Dodging        | 2 |  2.8
Stealth        | |  0.5

Action                   |  1- 3 |  4- 6 |  7- 9 || total
-------------------------+-------+-------+-------++-------
Melee: War axe           |     3 |    19 |    57 ||    79
       Headbutt          |     1 |     5 |    16 ||    22
Invok: Heroism           |       |       |     1 ||     1
  Use: Potion            |     1 |       |     4 ||     5
Armor: Scale mail        |     1 |     1 |     7 ||     9
       Leather armour    |       |       |     4 ||     4
Dodge: Dodged            |     1 |     2 |    25 ||    28
Block: Shield            |     2 |     4 |    49 ||    55
